[Event "*** Titled Tuesday Blitz"]
[Site "Chess.com"]
[Date "2021.04.06"]
[Round "5"]
[White "Murad_Ibrahimli"]
[Black "Mamedyarov_twitch"]
[Result "0-1"]
[WhiteElo "2827"]
[BlackElo "3012"]
[TimeControl "180+1"]
[EndTime "10:57:56 PDT"]
[Termination "Mamedyarov_twitch won by resignation"]

1. d4 Nf6 2. c4 e6 3. Nf3 d5 4. Nc3 a6 5. cxd5 exd5 6. Bf4 Be6 7. e3 Bd6 8. Bg3 O-O 9. Bd3 h6 10. Qc2 Re8 11. Ne5 Nbd7 12. f4 c5 13. f5 cxd4 14.
exd4 Nxe5 15. dxe5 Bd7 16. O-O Bxe5 17. Bxe5 Rxe5 18.
Qf2 Qc7 19. Qd4 Rae8 20. Rac1 Bc6 21. h3 Re3 22. Rf2 Qg3 23. Bf1 Ne4 24. Re2 Ng5 25.
Kh1 Qe5 26. Rd1 Rxe2 27. Bxe2 Qxf5 28. Bd3 Ne4 29. Bxe4 dxe4 30. Qe3 Qg5 31. Qxg5 hxg5 32. Kg1 f5 33. b4 e3 34. a4 Re5 35. Kf1 e2+ 36.
Nxe2 Bxg2+ 37. Kxg2 Rxe2+ 38. Kf3 Rb2 39. Rd5 Rb3+ 40. Kg2 Rxb4 41. Rxf5 Rxa4 42. Rxg5 b5 43. Rg6 b4 44. Rb6 a5 45. Kg3 Ra3+ 46. Kg4 b3 47. Kg5 Kh7 48. h4 a4 49. h5 Ra1 50. Rb7 Rg1+ 51.
Kf5 a3 0-1

[Event "*** Titled Tuesday Blitz"]
[Site "Chess.com"]
[Date "2021.04.06"]
[Round "5"]
[White "Oleksandr_Bortnyk"]
[Black "Kobalia"]
[Result "1-0"]
[WhiteElo "2949"]
[BlackElo "2772"]
[TimeControl "180+1"]
[EndTime "10:57:56 PDT"]
[Termination "Oleksandr_Bortnyk won on time"]

1. d4 d5 2. Nc3 Bf5 3. Bf4 a6 4. e3 Nf6 5. Nf3 Nbd7 6. Be2 e6 7. a3 Bd6 8. Ne5 h6 9. Bf3 Qe7 10. Qe2 c5 11. g4 Bh7 12. h4 Ne4 13. Bxe4 Bxe4 14.
Nxe4 dxe4 15. Nxd7 Qxd7 16. Bxd6 Qxd6 17. O-O-O Rc8 18.
dxc5 Qxc5 19. Rd4 O-O 20. g5 hxg5 21. hxg5 Qxg5 22. Rxe4 Rfd8 23. Reh4 Kf8 24. Qf3 Qf5 25. Qe2 Ke7 26. Kb1 Rc5 27. Rh5 g5 28. f4 Rdc8 29.
Rc1 Qg6 30. Rh2 g4 31. e4 Rc4 32. f5 Qg5 33. Rg2 exf5 34. exf5+ Kf8 35. Qe5 f6 36. Qd6+ Kg8 37. Qe6+ Kf8 38. Rh2 Qg7 39. Rch1 1-0

[Event "*** Titled Tuesday Blitz"]
[Site "Chess.com"]
[Date "2021.04.06"]
[Round "5"]
[White "evgchess5"]
[Black "hypert"]
[Result "0-1"]
[WhiteElo "2898"]
[BlackElo "2568"]
[TimeControl "180+1"]
[EndTime "10:57:56 PDT"]
[Termination "hypert won on time"]

1. e4 c5 2. Nf3 Nc6 3. d4 cxd4 4. Nxd4 e5 5. Nb5 a6 6. Nd6+ Bxd6 7. Qxd6 Qf6 8. Qd2 Nge7 9. c4 Qg6 10. f3 O-O 11.
Qg5 Qxg5 12. Bxg5 f6 13. Be3 d6 14. Nc3 Be6 15. O-O-O Rfd8 16. b3 Kf7 17. Kb2 Rd7 18. Be2 f5 19. g3 h6 20. h4 h5 21.
Rd2 Rf8 22. Rhd1 Nc8 23. c5 Rfd8 24. Bg5 N6e7 25. exf5 Bxf5 26. Bc4+ Be6 27. Bxe6+ Kxe6 28. Nd5 Nxd5 29. Bxd8 dxc5 30. Bg5 b5 31. g4 hxg4 32. fxg4 Ncb6 33. Re2 Rf7 34. Rde1 Nd7 35. Rd2 Rf3 36. Rg2 Rh3 37. Ree2 c4 38. bxc4 bxc4 39. Rc2 c3+ 40. Kb3 Nc5+ 41. Kc4 Ne4 42. Rge2 Nxg5 43. hxg5 Ne3+ 0-1

[Event "*** Titled Tuesday Blitz"]
[Site "Chess.com"]
[Date "2021.04.06"]
[Round "5"]
[White "ukchessbomber"]
[Black "ymoy"]
[Result "1-0"]
[WhiteElo "2489"]
[BlackElo "2688"]
[TimeControl "180+1"]
[EndTime "10:57:56 PDT"]
[Termination "ukchessbomber won on time"]

1. d4 Nf6 2. c4 e6 3. Nc3 Bb4 4. a3 Bxc3+ 5. bxc3 O-O 6. f3 c5 7. e4 d5 8. cxd5 exd5 9. e5 Nfd7 10. Bd3 Nc6 11. Ne2 Qb6 12. Be3 cxd4 13. cxd4 Ndxe5 14.
O-O Nxd3 15. Qxd3 Re8 16. Bf2 Be6 17. f4 f5 18. Rab1 Qc7 19. Rfc1 Qd7 20. Qb5 Rab8 21. Nc3 Rec8 22. Qe2 Na5 23. Nb5 a6 24. Nc3 b5 25.
Na2 Nc4 26. Re1 Bf7 27. Qd3 Re8 28. Rec1 Re4 29. Nb4 a5 30. Na6 Rc8 31. Nc5 Rxc5 32. dxc5 Rxf4 33. Qg3 Rg4 34. Qb8+ Be8 35. Re1 Kf7 36. h3 Re4 37. Rxe4 dxe4 38. Qf4 g6 39. Qh6 Kg8 40. Bh4 Nxa3 41. Rc1 Nc4 42. Bf6 e3 43. c6 Qf7 44. c7 Bd7 45. Rd1 e2 46.
c8=Q+ Bxc8 47. Rd8+ 1-0

[Event "*** Titled Tuesday Blitz"]
[Site "Chess.com"]
[Date "2021.04.06"]
[Round "5"]
[White "GrigoriyM2001"]
[Black "elegant285"]
[Result "1-0"]
[WhiteElo "2530"]
[BlackElo "2365"]
[TimeControl "180+1"]
[EndTime "10:57:57 PDT"]
[Termination "GrigoriyM2001 won by resignation"]

1. d4 Nf6 2. c4 e6 3. g3 Bb4+ 4. Bd2 Qe7 5. Nf3 Nc6 6. Nc3 O-O 7. Bg2 Bxc3 8. Bxc3 Ne4 9. Qc2 Nxc3 10. Qxc3 d6 11. O-O a5 12. d5 Nb8 13. e4 e5 14.
b3 Bg4 15. Nd2 Nd7 16. a3 c6 17. dxc6 bxc6 18. b4 Nb6 19. Rfc1 Rfb8 20. Qe3 c5 21. b5 a4 22. Qd3 Be6 23. Nf1 Rd8 24. Ne3 g6 25. Rc2 h5 26. h4 Kh7 27. Rd1 Bg4 28. Rdd2 Be6 29. Bf1 Qf6 30. Be2 Qe7 31. Qc3 Ra7 32.
Rc1 Qc7 33. Kf1 Bh3+ 34. Ke1 Be6 35. Kd1 Qe7 36. Kc2 Kh6 37. Rcd1 f5 38. exf5 Bxf5+ 39. Kb2 Qf7 40. Rxd6 Rxd6 41. Rxd6 Nc8 42. Qd2 Nxd6 43.
Nxf5+ Kh7 44. Nxd6 Qxf2 45. Ne4 Qf7 46. Ng5+ 1-0

[Event "*** Titled Tuesday Blitz"]
[Site "Chess.com"]
[Date "2021.04.06"]
[Round "5"]
[White "Kostya_Nikologorskiy"]
[Black "Dinamo3"]
[Result "1-0"]
[WhiteElo "2682"]
[BlackElo "2488"]
[TimeControl "180+1"]
[EndTime "10:57:59 PDT"]
[Termination "Kostya_Nikologorskiy won by resignation"]

1. d4 d6 2. e4 Nf6 3. Nc3 e5 4. Nf3 Nbd7 5. Bc4 Be7 6. O-O O-O 7. h3 c6 8. a4 Qc7 9. Be3 Re8 10. Ng5 Rf8 11. f4 h6 12. Nxf7 Rxf7 13. Bxf7+ Kxf7 14. fxe5 dxe5 15. Qh5+ Kg8 16. Qg6 Nf8 17. Qg3 Nh5 18. Qf3 Nf6 19. Qg3 Kh7 20. Rad1 Be6 21. dxe5 Nh5 22. Qf3 Qxe5 23. Bd4 Qg5 24. Be3 Qg6 25.
Ne2 Nd7 26. Bd4 Rf8 27. Qd3 Rxf1+ 28. Rxf1 Bg5 29. b4 Bf6 30. Bxf6 Ndxf6 31. e5 Qxd3 32. cxd3 Nd5 33. b5 cxb5 34. axb5 g5 35. Ra1 a6 36.
bxa6 bxa6 37. Rxa6 Bf5 38. Rd6 Ndf4 39. Nxf4 Nxf4 40.
d4 Kg7 41. Kf2 h5 42. Kf3 h4 43. d5 Nd3 44. e6 Kf6 45. Ke3 Ne5 46. Ra6 Ke7 47.
Kd4 Nd3 48. Ra7+ Kf6 49. Rf7+ Kg6 50. Rxf5 Kxf5 51. Kxd3 Ke5 52. e7 1-0

[Event "*** Titled Tuesday Blitz"]
[Site "Chess.com"]
[Date "2021.04.06"]
[Round "5"]
[White "chescomhuynya"]
[Black "KacperPolOK"]
[Result "1-0"]
[WhiteElo "2573"]
[BlackElo "2409"]
[TimeControl "180+1"]
[EndTime "10:58:00 PDT"]
[Termination "chescomhuynya won by checkmate"]

1. e4 c5 2. Nf3 Nc6 3. d4 cxd4 4.
Nxd4 e5 5. Nb5 d6 6. N1c3 a6 7. Na3 b5 8. Nd5 Nge7 9. c4 Nd4 10. Nc2 Nxd5 11. cxd5 Nxc2+ 12. Qxc2 Bd7 13. Bd3 Be7 14. O-O O-O 15. Be3 Rc8 16. Qe2 Bg5 17. Rfc1 Bxe3 18. Qxe3 f5 19. f3 fxe4 20. fxe4 Qe7 21.
a4 h6 22. axb5 Bxb5 23. h3 Rxc1+ 24. Rxc1 Qb7 25. b3 Bxd3 26. Qxd3 Qb6+ 27. Kh2 Qf2 28. Rc6 Rf6 29. Qg3 Qd2 30. Rxa6 Kh7 31. Ra7 Rg6 32.
Qf3 Qb2 33. Rb7 Qa3 34. b4 Qxf3 35. gxf3 Rf6 36. Kg3 Kg6 37. b5 Rf8 38. Rd7 Rb8 39. Rxd6+ Kh5 40. b6 g5 41. Re6 Rb7 42. Rc6 g4 43.
hxg4+ Kg5 44. Re6 h5 45. Rxe5+ Kg6 46. Re6+ Kg5 47. f4# 1-0

[Event "*** Titled Tuesday Blitz"]
[Site "Chess.com"]
[Date "2021.04.06"]
[Round "5"]
[White "andrewtnb"]
[Black "2008king"]
[Result "1-0"]
[WhiteElo "2358"]
[BlackElo "2212"]
[TimeControl "180+1"]
[EndTime "10:58:00 PDT"]
[Termination "andrewtnb won by checkmate"]

1. d4 d5 2. c4 c6 3. cxd5 cxd5 4. Nf3 Nf6 5. Nc3 Nc6 6. Bf4 Bf5 7.
e3 Rc8 8. Bb5 a6 9. Bxc6+ Rxc6 10. Ne5 Rc8 11. Rc1 b5 12. g4 Bg6 13. h4 h5 14. g5 Nd7 15. Nxg6 fxg6 16. Nxd5 e5 17. Rxc8 Qxc8 18. Bxe5 Nxe5 19. dxe5 Qc4 20. Qd4 Qc1+ 21. Ke2 Qc2+ 22. Kf1 Bc5 23. Nc7+ Ke7 24. Qd5 Rd8 25. Qb7 Rd1+ 26. Kg2 Rd7 27. Nd5+ Ke8 28. Qc8+ Rd8 29.
Qe6+ Kf8 30. Nf4 Qe4+ 31. Kg3 Rd6 32. Nxg6+ Qxg6 33. Qc8+ Qe8 34. Qxe8+ Kxe8 35. exd6 Bxd6+ 36. Kf3 Ke7 37. Rd1 Ke6 38. Ke4 Be7 39. f4 Bd6 40.
f5+ Kd7 41. Kd5 Be7 42. e4 Kc7 43. e5 Kd7 44. f6 Ke8 45. fxe7 Kxe7 46. e6 Ke8 47.
Rf1 Ke7 48. Rf7+ Kd8 49. Ra7 Kc8 50. Rxa6 Kb8 51. Rb6+ Ka7 52. Rxb5 Ka6 53. a4 Ka7 54. e7 Ka8 55. e8=Q+ Ka7 56. Qd7+ Ka6 57. Qb7# 1-0

[Event "*** Titled Tuesday Blitz"]
[Site "Chess.com"]
[Date "2021.04.06"]
[Round "5"]
[White "Kapibara_Warri0r"]
[Black "shaheus"]
[Result "1-0"]
[WhiteElo "2253"]
[BlackElo "2376"]
[TimeControl "180+1"]
[EndTime "10:58:01 PDT"]
[Termination "Kapibara_Warri0r won on time"]

1. d4 Nf6 2. Bf4 g6 3. c3 Bg7 4. h3 O-O 5. Nf3 d6 6. e3 b6 7. Bh2 c5 8. Nbd2 Ba6 9. Bxa6 Nxa6 10. O-O Nc7 11. e4 Nd7 12. Re1 Re8 13. Nc4 Ne6 14. Ne3 Rc8 15. Nd5 Nc7 16. dxc5 Nxc5 17. Nb4 Qd7 18. Nd3 Qb5 19. Nxc5 bxc5 20. Qc2 Ne6 21. e5 d5 22. Rad1 Red8 23. Nh4 d4 24. c4 Qc6 25. Rd3 a5 26. b3 a4 27. f4 axb3 28. axb3 Nc7 29.
f5 Na6 30. Rg3 Nb4 31. Qd2 e6 32. f6 Bf8 33. Qg5 Qe8 34. Re4 d3 35. Re1 Rd4 36. Rd1 Rcd8 37. Nf3 R4d7 38. Rg4 Ra8 39. Rh4 h6 40. Rxh6 Bxh6 41. Qxh6 Qf8 42. Qh4 d2 43.
Ng5 1-0

[Event "*** Titled Tuesday Blitz"]
[Site "Chess.com"]
[Date "2021.04.06"]
[Round "5"]
[White "Isajevsky_Anton"]
[Black "GoltsevDmitry2000"]
[Result "0-1"]
[WhiteElo "2560"]
[BlackElo "2742"]
[TimeControl "180+1"]
[EndTime "10:58:02 PDT"]
[Termination "GoltsevDmitry2000 won on time"]

1. c4 Nf6 2. Nc3 e5 3. Nf3 Nc6 4. e3 d5 5. cxd5 Nxd5 6. Bb5 Nxc3 7. bxc3 Bd6 8. d4 exd4 9. cxd4 Bd7 10. O-O a6 11.
Be2 O-O 12. h3 Re8 13. Bb2 Ne7 14. e4 Ng6 15. e5 Nf4 16. Bc4 Bf8 17. Qd2 Ne6 18.
d5 Nc5 19. Rfe1 b5 20. Bf1 Na4 21. Rad1 Bf5 22. Ba1 Bc5 23. Qf4 Bg6 24. e6 Bd6 25. Qg4 f5 26. Qd4 Qe7 27. Ne5 Bh5 28. Nc6 Qg5 29. Rc1 f4 30. h4 Qh6 31. Bd3 Rf8 32. e7 Rfe8 33. Re6 Bg6 34. h5 f3 35. Rce1 fxg2 36. Kxg2 Qg5+ 37. Kf1 Bxh5 38. R1e3 Bc5 39.
Qe4 Bg6 40. Qf3 Bxe3 41. Rxe3 Bxd3+ 42. Rxd3 Nc5 43. Rd4 Nd7 0-1

[Event "*** Titled Tuesday Blitz"]
[Site "Chess.com"]
[Date "2021.04.06"]
[Round "5"]
[White "TigranMukhutdinov"]
[Black "Rozhkov_V"]
[Result "1-0"]
[WhiteElo "2599"]
[BlackElo "2433"]
[TimeControl "180+1"]
[EndTime "10:58:04 PDT"]
[Termination "TigranMukhutdinov won by resignation"]

1. Nf3 d5 2. g3 Nf6 3. Bg2 e6 4. O-O Be7 5. c4 O-O 6. d4 dxc4 7. Qc2 a6 8. a4 Nc6 9. Qxc4 Qd5 10. Qxd5 exd5 11. Bf4 Bg4 12. e3 Bd6 13. Bxd6 cxd6 14. Rc1 Nb4 15. Ne1 Rac8 16. Nc3 Be6 17. a5 h6 18. Ra4 Nc6 19. Nd3 Rc7 20. Nf4 Ne7 21. Rb4 Rfc8 22. Rb6 Rd8 23. Ra1 g5 24.
Nd3 Nc6 25. Nb4 Nxb4 26. Rxb4 Rdc8 27. Rb6 Rd8 28. Ra3 Kf8 29. Rab3 Rdd7 30. Kf1 Ke7 31. Ke2 Kd8 32. Ra3 Kc8 33. f3 Rc6 34. Rxc6+ bxc6 35. Na4 Rb7 36. Kd2 Rb5 37. Bf1 Rxa5 38. Nb6+ Kc7 39. Rxa5 Kxb6 40. Rxa6+ Kb7 41. Ra3 g4 42. Be2 gxf3 43.
Bxf3 Kb6 44. Ra8 Bf5 45. Rf8 Bg6 46. Rd8 Kc7 47. Rh8 h5 48. h3 Kd7 49. g4 hxg4 50. Bxg4+ Kc7 51. Bf3 Kd7 52. h4 Ke7 53. h5 Bf5 54. h6 Bg6 55. Rc8 Kd7 56. Ra8 Ke7 57. b4 Kd7 58. Ke2 Ke7 59. Kf2 Kd7 60. Kg3 Ke6 61. Kf4 Ke7 62. Ra7+ Ke6 63. Rc7 1-0

[Event "*** Titled Tuesday Blitz"]
[Site "Chess.com"]
[Date "2021.04.06"]
[Round "5"]
[White "TeukkaSalama"]
[Black "Koalaskakistis"]
[Result "0-1"]
[WhiteElo "2375"]
[BlackElo "2580"]
[TimeControl "180+1"]
[EndTime "10:58:04 PDT"]
[Termination "Koalaskakistis won by checkmate"]

1. d4 Nf6 2. Bf4 g6 3. e3 Bg7 4. Nf3 O-O 5. Be2 d6 6. h3 Nbd7 7. O-O Qe8 8. a4 e5 9. Bh2 a5 10. c3 Qe7 11. Nbd2 b6 12. Qc2 Bb7 13. Rfe1 e4 14. Nh4 Qe6 15. g4 c5 16. dxc5 Nxc5 17. Nc4 d5 18. Nd6 Bc6 19. Ng2 g5 20. Nf5 h5 21.
Red1 hxg4 22. hxg4 Nd3 23. Bxd3 exd3 24. Qxd3 Nxg4 25.
Bg3 Ne5 26. Bxe5 Bxe5 27. f4 Bf6 28. fxg5 Bxg5 29. Nf4 Qe5 30. Rf1 Rfe8 31. Rae1 Bd7 32. Ng3 Rad8 33. Qd1 Qg7 34. Nfh5 Qh6 35. Qf3 Re7 36.
Kg2 Rde8 37. Rh1 Bc6 38. Ref1 d4 39. e4 Qg6 40. cxd4 Rxe4 41. Nxe4 Bxe4 42. Nf6+ Qxf6 43. Rh3 Bxf3+ 44. Rhxf3 Re2+ 45. Kg3 Qd6+ 46. Kg4 Rg2+ 47. Kh3 Qh2# 0-1

[Event "*** Titled Tuesday Blitz"]
[Site "Chess.com"]
[Date "2021.04.06"]
[Round "5"]
[White "Nils_03"]
[Black "Trankuilizer"]
[Result "1/2-1/2"]
[WhiteElo "2386"]
[BlackElo "2596"]
[TimeControl "180+1"]
[EndTime "10:58:05 PDT"]
[Termination "Game drawn by repetition"]

1. d4 Nf6 2. c4 c5 3. d5 b5 4. cxb5 a6 5. bxa6 Bxa6 6. Nc3 g6 7. Nf3 d6 8. g3 Bg7 9. Bg2 Nbd7 10. Rb1 Qa5 11.
O-O O-O 12. Qc2 Ng4 13. Nd2 Rfb8 14. Re1 Qb4 15. h3 Nge5 16. a3 Qd4 17. Nb3 Rxb3 18. Qxb3 Nc4 19. Bg5 Nxb2 20. Qxb2 Qxc3 21. Qxc3 Bxc3 22.
Rec1 Be5 23. Bf1 Nf6 24. Rd1 Ne4 25. Bd2 Bc3 26. Be1 Be5 27. Kg2 h5 28. e3 Bxf1+ 29.
Kxf1 Rxa3 30. Kg2 Bf6 31. Kf3 Ng5+ 32. Kg2 Kg7 33. h4 Ne4 34. Kf3 Nc3 35. Bxc3 Rxc3 36. Rbc1 Ra3 37. Rc4 Ra2 38. Kg2 Be5 39. Rb1 f5 40. Rd1 Kf6 41. Kf3 e6 42. dxe6 Kxe6 43.
Rcc1 Ra4 44. Rc2 c4 45. Rdd2 c3 46. Rd1 d5 47. Ke2 d4 48. exd4 Bxd4 49. Rxd4 Rxd4 50. Rxc3 Ra4 51. Rc6+ Kf7 52. Kf3 Kg7 53. Rb6 Kf7 54.
Rc6 Kg7 55. Rb6 Kf7 56. Rc6 1/2-1/2

[Event "*** Titled Tuesday Blitz"]
[Site "Chess.com"]
[Date "2021.04.06"]
[Round "5"]
[White "zmeeed67"]
[Black "IriBu"]
[Result "1-0"]
[WhiteElo "2424"]
[BlackElo "2549"]
[TimeControl "180+1"]
[EndTime "10:58:06 PDT"]
[Termination "zmeeed67 won by checkmate"]

1. d4 Nf6 2. c4 e6 3. Nc3 Bb4 4. f3 O-O 5. a3 Bxc3+ 6. bxc3 d5 7. cxd5 exd5 8. e3 Bf5 9. Ne2 c5 10. Ng3 Bg6 11. Bd3 Nc6 12. O-O Re8 13. Bxg6 hxg6 14.
Qd3 Rc8 15. Bb2 Qd7 16. Rad1 cxd4 17. cxd4 Na5 18. e4 Nc4 19. Bc1 Nh7 20. e5 Nf8 21. f4 f5 22. exf6 gxf6 23. f5 g5 24. h4 Qe7 25. hxg5 Nd6 26. gxf6 Qh7 27. Rf4 Ne4 28. Rg4+ Kh8 29. Nxe4 Rxe4 30. Rxe4 dxe4 31. Qxe4 Qh5 32. Re1 b5 33. Bf4 Qh4 34. Qe7 Qg4 35. Be5 a5 36. f7+ Kh7 37. Qf6 Nd7 38. Qe6 Nxe5 39. dxe5 Qg3 40. Qg6+ Qxg6 41. fxg6+ Kxg6 42. e6 b4 43. axb4 axb4 44. Rf1 Kg7 45. e7 b3 46. f8=Q+ Rxf8 47.
exf8=Q+ Kg6 48. Qb8 b2 49. Qxb2 Kg5 50. Qf6+ Kg4 51. Qf5+ Kg3 52. Qf4# 1-0

[Event "*** Titled Tuesday Blitz"]
[Site "Chess.com"]
[Date "2021.04.06"]
[Round "5"]
[White "ARMQUEEN"]
[Black "jraosam"]
[Result "1-0"]
[WhiteElo "2308"]
[BlackElo "1870"]
[TimeControl "180+1"]
[EndTime "10:58:06 PDT"]
[Termination "ARMQUEEN won on time"]

1. e4 c5 2. Nc3 Nc6 3. Bb5 Nd4 4. Bc4 e6 5. Nge2 a6 6. a4 b6 7. Nxd4 cxd4 8. Ne2 Bb7 9. d3 d5 10. exd5 Bxd5 11.
Nxd4 Bxg2 12. Rg1 Bb7 13. Qe2 Qxd4 14. c3 Qd7 15. Be3 Nf6 16. Bxb6 Nd5 17. Bd4 f6 18. Qh5+ g6 19. Qe2 O-O-O 20. Kd1 e5 21. Ba7 Nf4 22. Qe3 Nxd3 23. Kc2 e4 24. f3 f5 25. fxe4 fxe4 26. Rg5 Bh6 27. Rc5+ Bc6 28. Bxa6+ Kc7 29. Qxh6 Nxc5 30.
Bxc5 Bxa4+ 31. b3 Bc6 32. Qf4+ Qd6 33. Bxd6+ Rxd6 34. Qf7+ Rd7 35. Qf6 Rhd8 36. Qf4+ Kb6 37. Qe3+ Kc7 38. Qa7+ Kd6 39. Rd1+ Ke6 40. Rxd7 Rxd7 41.
Qc5 Rd6 42. Bc4+ Bd5 43. Qc8+ Ke5 44. Qe8+ Be6 45. Qh8+ Kf5 46. Qf8+ Ke5 47. Be2 e3 48. Qf3 Bf5+ 49. Kc1 Rd5 50. Qxe3+ Kd6 51. Bc4 Re5 52. Qd4+ 1-0

[Event "*** Titled Tuesday Blitz"]
[Site "Chess.com"]
[Date "2021.04.06"]
[Round "5"]
[White "SilviusTiberius"]
[Black "hansen"]
[Result "1-0"]
[WhiteElo "2616"]
[BlackElo "2822"]
[TimeControl "180+1"]
[EndTime "10:58:07 PDT"]
[Termination "SilviusTiberius won by resignation"]

1. e4 c5 2. Nf3 e6 3. d4 cxd4 4. Nxd4 a6 5. c4 Qc7 6. Nc3 Nf6 7. a3 Nc6 8. Be3 d6 9. Rc1 Nxd4 10. Qxd4 Be7 11.
Be2 O-O 12. O-O Bd7 13. f4 Rfc8 14. b4 Be8 15. g4 a5 16. b5 Nd7 17. Na4 Rab8 18. g5 e5 19. Qd2 exf4 20. Bxf4 b6 21. Nc3 Ne5 22. Nd5 Qd8 23. Rf2 Bd7 24. Kh1 Be6 25.
h4 Rc5 26. Qd4 Rbc8 27. Rg2 Bf8 28. h5 Bxd5 29. exd5 g6 30. h6 Qe7 31. Rf2 Re8 32.
Rc3 Qd7 33. Re3 Qf5 34. Kg2 Rcc8 35. Re4 Nc6 36. dxc6 Rxe4 37. Qd2 Qe6 38. Bf3 Rxc4 39. Bd5 Qg4+ 40. Bg3 Rc7 41. Bxc4 Qxc4 42. Bxd6 Qe4+ 43.
Kh2 Qh4+ 44. Kg2 Qg4+ 45. Bg3 Re7 46. Qd8 Qe4+ 47. Kh2 Qc4 48. c7 Re4 49. c8=Q 1-0

[Event "*** Titled Tuesday Blitz"]
[Site "Chess.com"]
[Date "2021.04.06"]
[Round "5"]
[White "Ajedrez_con_German"]
[Black "Arseniy_Nesterov"]
[Result "0-1"]
[WhiteElo "2475"]
[BlackElo "2761"]
[TimeControl "180+1"]
[EndTime "10:58:07 PDT"]
[Termination "Arseniy_Nesterov won on time"]

1. d4 Nf6 2. Bf4 d5 3. e3 e6 4. Nf3 Bd6 5. Bg3 c5 6. c3 Qc7 7. Nbd2 Nbd7 8. Bd3 O-O 9. O-O e5 10. dxe5 Nxe5 11. Nxe5 Bxe5 12. Nf3 Bxg3 13. hxg3 Bg4 14. Qc2 h6 15. Bf5 Bxf3 16. gxf3 g6 17. Bd3 Rad8 18.
Kg2 h5 19. Rh1 Kg7 20. Rad1 Rfe8 21. Be2 Qb6 22. Qb3 Qc7 23. f4 d4 24. cxd4 cxd4 25.
Bf3 dxe3 26. fxe3 b6 27. Rxd8 Rxd8 28. Rd1 Re8 29. Qd3 Qe7 30. Re1 Rd8 31. Qc3 Kg8 32. e4 Nd7 33. b4 Nf8 34. a3 Ne6 35. Rd1 Rxd1 36. Bxd1 h4 37. Bb3 Ng7 38. Bd5 Nh5 39. Qc6 Kg7 40. Qc3+ Kh7 41. Qe5 Qd7 42. f5 hxg3 43. fxg6+ fxg6 44. Qg5 Qg7 45. Kh3 Qf8 0-1

[Event "*** Titled Tuesday Blitz"]
[Site "Chess.com"]
[Date "2021.04.06"]
[Round "5"]
[White "Fortitudine"]
[Black "LileKoridze"]
[Result "1/2-1/2"]
[WhiteElo "2281"]
[BlackElo "2457"]
[TimeControl "180+1"]
[EndTime "10:58:07 PDT"]
[Termination "Game drawn - insufficient material"]

1. c4 e5 2. g3 Nf6 3. Bg2 d5 4.
cxd5 Nxd5 5. Nc3 Nb6 6. d3 Nc6 7. Nf3 Be7 8. O-O O-O 9. a3 Be6 10. Be3 f6 11. Rc1 Nd4 12. Nd2 c6 13. Nce4 Nd5 14. Bxd4 exd4 15. Nc5 Bxc5 16. Rxc5 Qb6 17. Bxd5 Bxd5 18. b4 a5 19. Nc4 Qc7 20. Rxa5 b5 21. Rxa8 Rxa8 22. Na5 Qe5 23. Qd2 Qh5 24. f3 Re8 25. Rf2 Re3 26. Qc1 Re6 27. Qf4 Qe8 28. Nb7 Rxe2 29. Rxe2 Qxe2 30. Qb8+ Kf7 31. Nd6+ Kg6 32.
Qe8+ Qxe8 33. Nxe8 Bxf3 34. Kf2 Bd5 35. Nc7 Bf7 36. Na6 Kf5 37. Nc5 Ke5 38. a4 bxa4 39. Nxa4 Kd5 40. Nb6+ Ke5 41. Nd7+ Kd6 42. Nc5 Bg6 43. Kf3 Kd5 44. Kf4 h6 45. h4 Bh7 46.
h5 g6 47. hxg6 Bxg6 48. g4 h5 49. gxh5 Bxh5 50. Kf5 Be2 51. Kxf6 Bxd3 52. Nxd3 Kc4 53. Ne5+ Kxb4 54. Nxc6+ Kc3 55. Nxd4 1/2-1/2

[Event "*** Titled Tuesday Blitz"]
[Site "Chess.com"]
[Date "2021.04.06"]
[Round "5"]
[White "Fandorine"]
[Black "YoreDea"]
[Result "1-0"]
[WhiteElo "2896"]
[BlackElo "2629"]
[TimeControl "180+1"]
[EndTime "10:58:08 PDT"]
[Termination "Fandorine won by resignation"]

1. Nf3 f5 2. d3 d5 3. c4 e6 4. g3 c6 5. Qc2 Nf6 6. Bg2 Be7 7. O-O O-O 8. Nc3 Nbd7 9. cxd5 exd5 10. e4 fxe4 11. dxe4 dxe4 12. Nxe4 Nxe4 13. Qxe4 Nc5 14. Qe2 Kh8 15. Rd1 Qe8 16. Be3 Bf6 17. Qc2 Ne4 18.
Nd4 Ng5 19. h4 Bxd4 20. Bxd4 Nf3+ 21. Bxf3 Rxf3 22. Re1 Qf7 23. Qe4 Bd7 24. Rad1 Re8 25. Be5 Be6 26. Bc3 Rxf2 27. Qxe6 Rf1+ 28. Kh2 Rf2+ 29. Kh3 Rxe6 30. Rd8+ Qg8 31. Rxg8+ Kxg8 32. Rxe6 Kf7 33. Re3 h5 34. g4 g6 35. gxh5 gxh5 36. Kg3 Rc2 37. Rf3+ Ke6 38. Rf6+ Ke7 39. Rh6 Kd7 40.
Rh7+ Kc8 41. Rxh5 Kc7 42. a3 Rc1 43. Rh7+ Kb6 44. h5 c5 45. h6 Ka6 46. Rh8 Rh1 47.
Kg4 b5 48. Kg5 1-0

[Event "*** Titled Tuesday Blitz"]
[Site "Chess.com"]
[Date "2021.04.06"]
[Round "5"]
[White "I_Enchev"]
[Black "TST2014"]
[Result "1/2-1/2"]
[WhiteElo "2497"]
[BlackElo "2674"]
[TimeControl "180+1"]
[EndTime "10:58:08 PDT"]
[Termination "Game drawn by agreement"]

1. d4 Nf6 2. c4 c5 3. d5 b5 4. cxb5 a6 5. b6 d6 6. Nc3 Nbd7 7. e4 g6 8. Nf3 Bg7 9. h3 O-O 10.
Bd3 Qxb6 11. O-O Ne8 12. Re1 Nc7 13. Qe2 Nb5 14. Nxb5 axb5 15. Bxb5 Ba6 16. Bxa6 Qxa6 17. Bf4 Qxe2 18. Rxe2 Rfb8 19. e5 dxe5 20. Nxe5 Nxe5 21. Bxe5 Bxe5 22. Rxe5 Rxb2 23. Rxe7 Rd2 24. a4 Rxd5 25. a5 Ra6 26. Rc7 h5 27. h4 Kg7 28.
Ra4 Rd4 29. Rxd4 cxd4 30. Rc5 Kf6 31. Kf1 Ke6 32. Ke2 Kd6 33. Rg5 Kc7 34. Kd3 Rf6 35. f3 Rf4 36. Rb5 Rxh4 37. a6 Rh1 38. Ra5 Kb8 39.
a7+ Ka8 40. Kxd4 Rh2 41. Rg5 Kxa7 42. Ke5 Rh4 43. g3 Rc4 44. Kf6 Rc7 45. Re5 Kb6 46. f4 Rc3 47. Rg5 Rc7 48. f5 gxf5 49. Rxh5 Rc3 50.
Rg5 Rf3 51. Kxf7 f4 52. g4 Rg3 53. Ke6 f3 54. Rf5 Rxg4 55. Rxf3 1/2-1/2

[Event "*** Titled Tuesday Blitz"]
[Site "Chess.com"]
[Date "2021.04.06"]
[Round "5"]
[White "annamaja"]
[Black "J36225"]
[Result "0-1"]
[WhiteElo "2262"]
[BlackElo "2436"]
[TimeControl "180+1"]
[EndTime "10:58:08 PDT"]
[Termination "J36225 won on time"]

1. e4 e5 2. Nf3 Nc6 3. Bc4 Bc5 4. d3 Nf6 5. O-O h6 6. c3 d6 7. Be3 Bb6 8. Bxb6 axb6 9. Bb3 O-O 10. Nbd2 Be6 11.
Bc2 d5 12. exd5 Nxd5 13. Re1 Nf4 14. Ne4 Qd7 15. Ng3 f6 16. d4 exd4 17. Nxd4 Nxd4 18. cxd4 Bd5 19. Bf5 Qd6 20. Qg4 Rae8 21. f3 Bf7 22. Ne4 Qxd4+ 23. Kh1 Nd3 24. Rf1 Rxe4 25. Bxe4 Nf2+ 26.
Rxf2 Qxf2 27. Qf5 Re8 28. Qh7+ Kf8 29. Qh8+ Bg8 30. h3 f5 31. Bd3 Re1+ 32. Rxe1 Qxe1+ 33. Kh2 Qe5+ 34. Kg1 Qxb2 35. Bxf5 Qa1+ 36. Kf2 Qd4+ 37. Kf1 Qd1+ 38. Kf2 Qd2+ 39. Kf1 Qc1+ 40. Kf2 Qb2+ 41. Kf1 Qf6 42. Be4 Qe6 0-1

[Event "*** Titled Tuesday Blitz"]
[Site "Chess.com"]
[Date "2021.04.06"]
[Round "5"]
[White "Klavdia_Nik"]
[Black "Michaelson_11"]
[Result "1-0"]
[WhiteElo "2034"]
[BlackElo "2204"]
[TimeControl "180+1"]
[EndTime "10:58:11 PDT"]
[Termination "Klavdia_Nik won by resignation"]

1. Nf3 d5 2. c4 d4 3. b4 c5 4.
bxc5 Nc6 5. g3 e5 6. d3 Bxc5 7. Bg2 f5 8. O-O Nf6 9. Qa4 O-O 10. Ba3 Qe7 11. Bxc5 Qxc5 12. Nbd2 e4 13. Nb3 Qb4 14. Qxb4 Nxb4 15. a3 exd3 16. axb4 dxe2 17. Rfe1 d3 18. Ne5 Rd8 19. Nd2 Be6 20. Ra3 Rac8 21. Bxb7 Rb8 22.
Rxa7 Rd4 23. b5 Ne4 24. Nef3 Nxd2 25. Nxd2 Bxc4 26. Nxc4 Rxb7 27. Rxb7 Rxc4 28. Rd7 Rc3 29. b6 Rb3 30. b7 h6 31. Rxd3 Rxb7 32. Rxe2 Kh7 33. h4 Kg6 34. Kg2 Kh5 35. Rd5 g6 36. Re6 Rb4 37. Rdd6 f4 38. Rxg6 fxg3 39. Rxg3 Rb5 40.
Rgd3 Rf5 41. R6d5 Kg4 42. Rxf5 Kxf5 43. Kg3 h5 44. Rd5+ Ke4 45. Rxh5 1-0

[Event "*** Titled Tuesday Blitz"]
[Site "Chess.com"]
[Date "2021.04.06"]
[Round "5"]
[White "Hasangatin_Ramil"]
[Black "Alex-11211"]
[Result "1-0"]
[WhiteElo "2577"]
[BlackElo "2409"]
[TimeControl "180+1"]
[EndTime "10:58:12 PDT"]
[Termination "Hasangatin_Ramil won by resignation"]

1. e4 c5 2. Nf3 g6 3. Bc4 Bg7 4.
O-O Nc6 5. c3 e5 6. d4 cxd4 7.
cxd4 exd4 8. Bf4 Nge7 9. Bd6 O-O 10. Nbd2 a6 11. a4 b6 12. Re1 Bb7 13. e5 h6 14. Ne4 Nf5 15. Bxf8 Qxf8 16. Nf6+ Kh8 17. Nxd7 Qd8 18. e6 Na5 19. Ba2 fxe6 20. Bxe6 Nd6 21. Nde5 Qf6 22. Ba2 Nf5 23. Rc1 Rf8 24. b4 Nc6 25. Nxc6 Bxc6 26. Re6 Bxf3 27. Rxf6 Bxd1 28. Rxf8+ Bxf8 29. Rxd1 Bxb4 30. Bc4 a5 31. Be6 Bc5 32. Bxf5 gxf5 33. Kf1 Kg7 34. Ke2 Kf6 35. Kd3 Ke5 36. Re1+ Kd5 37. Re8 Bd6 38. Rh8 Bxh2 39. Rxh6 Bd6 40.
Rh5 Ke6 41. f3 Bc5 42. g4 fxg4 43. fxg4 Kf6 44. Rf5+ Kg6 45. Ke4 Bb4 46. Kxd4 Bc5+ 47. Kc4 Bg1 48. Kb5 Bf2 49. Rxf2 1-0